Workbook
Name C_Despesa: '[1]Dades auxiliars'!$N$1:$N$9
Name Dades_Servei: '[2]Dades auxiliars'!$A$1:$J$262
Name T_Despesa: '[1]Dades auxiliars'!$M$1:$M$5

Sheet Càlcul pressupost
A1: OTGD | F1: 24 mesos
A2: Data inici contracte | B2: 44805
A3: Data inici servei | B3: 44805
A4: Data fi contracte | B4: 45535
D5: Servei | E5: Import 2022 | F5: Import 2023 | G5: Import 2024 | H5: Import Total IVA inclòs | I5: Import Total IVA exclòs
B6: Treball fet real per petició. Es paga al final | D6: PT OTGD (Gestió de les peticions de GD” i “Suport al desplegament del MGDE") | E6: =G21 -> 23127.02 | F6: =G33 -> 69381.05 | G6: =G46 -> 46254.03 | H6: =SUM(E6:G6) -> 138762.1 | I6: =+ROUND(H6/1.21,2) -> 114679.42
B7: Tarifa plana | D7: TT OTGD (Gestió del manteniment de l'eArxiu” i “Govern OTGD") | E7: =J21 -> 13542.11 | F7: =J33 -> 40626.36 | G7: =J46 -> 27084.24 | H7: =SUM(E7:G7) -> 81252.71 | I7: =+ROUND(H7/1.21,2) -> 67151
B8: Tarifa plana | D8: Coordinació i control migracions a OpenText | E8: =M21 -> 42542.56 | F8: =M33 -> 127627.67 | G8: =M45 -> 85085.08 | H8: =SUM(E8:G8) -> 255255.31 | I8: =+ROUND(H8/1.21,2) -> 210954.8
D9: Transició | H9: =SUM(E9:G9) -> 0 | I9: =+ROUND(H9/1.21,2) -> 0
D10: Import total licitació | E10: =SUM(E6:E9) -> 79211.69 | F10: =SUM(F6:F9) -> 237635.08 | G10: =SUM(G6:G9) -> 158423.35 | H10: =SUM(H6:H9) -> 475270.12 | I10: =SUM(I6:I9) -> 392785.22
E11: =E10/1.21 -> 65464.207 | F11: =F10/1.21 -> 196392.63 | G11: =G10/1.21 -> 130928.39 | H11: =H10/1.21 -> 392785.22 | I11: =SUM(E11:G11) -> 392785.22 | J11: =H10-I10 -> 82484.9
A14: ANY 2022 4 mesos de servei | E14: 4
B15: Servei | C15: Subservei/aplicació | D15: Nom Subservei | E15: PT OTGD | F15: Preu/hora | G15: € Gestió dels serveis d'arxiu | H15: TT OTGD | I15: Preu/hora | J15: € Govern AM eArxiu i OTGD | K15: TT Coodinació càrrega | L15: Preu/hora | M15: € Control Transformació | N15: TOTAL
B16: SER0372 | C16: SUOTGD1 | D16: Gestió de les peticions de GD | E16: =G16/F16 -> 150.85628 | F16: =Perfils!G16 -> 58.03 | G16: =ROUND(G28/12*$E$14,2) -> 8754.19 | N16: =G16+J16+M16 -> 8754.19
B17: SER0372 | C17: SUOTGD2 | D17: Gestió del manteniment de l'eArxiu | H17: =J17/I17 -> 128.27398 | I17: =Perfils!G20 -> 54.872 | J17: =ROUND((J29/12*$E$14),2) -> 7038.65 | N17: =G17+J17+M17 -> 7038.65
B18: SER0372 | C18: SUOTGD3 | D18: Suport al desplegament del MGDE | E18: =G18/F18 -> 247.6793 | F18: =Perfils!G16 -> 58.03 | G18: =ROUND((G30/12*$E$14),2) -> 14372.83 | N18: =G18+J18+M18 -> 14372.83
B19: SER0372 | C19: SUOTGD4 | D19: Govern OTGD | H19: =J19/I19 -> 118.52056 | I19: =Perfils!G20 -> 54.872 | J19: =ROUND((J31/12*$E$14),2)-0.01 -> 6503.46 | N19: =G19+J19+M19 -> 6503.46
B20: SER0372 | C20: SUOTGD6 | D20: Coordinació i control migracions a OpenText | K20: =M20/L20 -> 733.11322 | L20: =Perfils!G24 -> 58.03 | M20: =ROUND((M32/12*$E$14),2) -> 42542.56 | N20: =G20+J20+M20 -> 42542.56
B21: =G21+J21 -> 36669.13 | D21: Total | E21: =SUM(E16:E20) -> 398.53559 | G21: =SUM(G16:G18) -> 23127.02 | H21: =SUM(H16:H20) -> 246.79454 | J21: =SUM(J16:J20) -> 13542.11 | K21: =SUM(K16:K20) -> 733.11322 | M21: =SUM(M16:M20) -> 42542.56 | N21: =SUM(N16:N20) -> 79211.69
D23: FTE | E23: =(E21/$E$14/8)/20 -> 0.62271185 | H23: =(H21/$E$14/8)/20 -> 0.38561647 | K23: =(K21/$E$14/8)/20 -> 1.1454894 | N23: =SUM(E23:K23) -> 2.1538177
A26: ANY 2023 anual | E26: 12
B27: Servei | C27: Subservei/aplicació | D27: Nom Subservei | E27: PT OTGD | F27: Preu/hora | G27: € Gestió dels serveis d'arxiu | H27: TT OTGD | I27: Preu/hora | J27: € Govern AM eArxiu i OTGD | K27: TT Coodinació càrrega | L27: Preu/hora | M27: € Control Transformació | N27: TOTAL
B28: SER0372 | C28: SUOTGD1 | D28: Gestió de les peticions de GD | E28: =G28/F28 -> 452.56867 | F28: =Perfils!G16 -> 58.03 | G28: 26262.56 | N28: =G28+J28+M28 -> 26262.56
B29: SER0372 | C29: SUOTGD2 | D29: Gestió del manteniment de l'eArxiu | H29: =J29/I29 -> 384.82195 | I29: =Perfils!G20 -> 54.872 | J29: 21115.95 | N29: =G29+J29+M29 -> 21115.95
B30: SER0372 | C30: SUOTGD3 | D30: Suport al desplegament del MGDE | E30: =G30/F30 -> 743.03791 | F30: =Perfils!G16 -> 58.03 | G30: 43118.49 | N30: =G30+J30+M30 -> 43118.49
B31: SER0372 | C31: SUOTGD4 | D31: Govern OTGD | H31: =J31/I31 -> 355.56222 | I31: =Perfils!G20 -> 54.872 | J31: 19510.41 | N31: =G31+J31+M31 -> 19510.41
B32: SER0372 | C32: SUOTGD6 | D32: Coordinació i control migracions a OpenText | K32: =M32/L32 -> 2199.3395 | L32: =Perfils!G24 -> 58.03 | M32: 127627.67 | N32: =G32+J32+M32 -> 127627.67
D33: Total | E33: =SUM(E28:E32) -> 1195.6066 | G33: =SUM(G28:G30) -> 69381.05 | H33: =SUM(H28:H32) -> 740.38417 | J33: =SUM(J28:J32) -> 40626.36 | K33: =SUM(K28:K32) -> 2199.3395 | M33: =SUM(M28:M32) -> 127627.67 | N33: =SUM(N28:N32) -> 237635.08 | O33: total anual
D35: FTE | E35: =(E33/$E$26/8)/20 -> 0.62271176 | H35: =(H33/$E$26/8)/20 -> 0.38561675 | K35: =(K33/$E$26/8)/20 -> 1.1454893 | N35: =SUM(E35:K35) -> 2.1538178
A39: ANY 2024 8 mesos de servei | E39: 8
B40: Servei | C40: Subservei/aplicació | D40: Nom Subservei | E40: PT OTGD | F40: Preu/hora | G40: € Gestió dels serveis d'arxiu | H40: TT OTGD | I40: Preu/hora | J40: € Govern AM eArxiu i OTGD | K40: TT Coodinació càrrega | L40: Preu/hora | M40: € Control Transformació | N40: TOTAL
B41: SER0372 | C41: SUOTGD1 | D41: Gestió de les peticions de GD | E41: =G41/F41 -> 301.71239 | F41: =Perfils!G16 -> 58.03 | G41: =ROUND(G28/12*$E$39,2) -> 17508.37 | N41: =G41+J41+M41 -> 17508.37
B42: SER0372 | C42: SUOTGD2 | D42: Gestió del manteniment de l'eArxiu | H42: =J42/I42 -> 256.54797 | I42: =Perfils!G20 -> 54.872 | J42: =ROUND(J29/12*$E$39,2) -> 14077.3 | N42: =G42+J42+M42 -> 14077.3
B43: SER0372 | C43: SUOTGD3 | D43: Suport al desplegament del MGDE | E43: =G43/F43 -> 495.35861 | F43: =Perfils!G16 -> 58.03 | G43: =ROUND(G30/12*$E$39,2) -> 28745.66 | N43: =G43+J43+M43 -> 28745.66
B44: SER0372 | C44: SUOTGD4 | D44: Govern OTGD | H44: =J44/I44 -> 237.04148 | I44: =Perfils!G20 -> 54.872 | J44: =ROUND(J31/12*$E$39,2) -> 13006.94 | N44: =G44+J44+M44 -> 13006.94
B45: SER0372 | C45: SUOTGD6 | D45: Coordinació i control migracions a OpenText | K45: =M45/L45 -> 1466.2257 | L45: =Perfils!G24 -> 58.03 | M45: 85085.08 | N45: =G45+J45+M45 -> 85085.08
D46: Total | E46: =SUM(E41:E45) -> 797.071 | G46: =SUM(G41:G43) -> 46254.03 | H46: =SUM(H41:H45) -> 493.58944 | J46: =SUM(J41:J45) -> 27084.24 | K46: =SUM(K41:K45) -> 1466.2257 | M46: =SUM(M41:M45) -> 85085.08 | N46: =SUM(N41:N45) -> 158423.35
D48: FTE | E48: =(E46/$E$39/8)/20 -> 0.62271172 | H48: =(H46/$E$39/8)/20 -> 0.38561675 | K48: =(K46/$E$39/8)/20 -> 1.1454889 | N48: =SUM(E48:K48) -> 2.1538173

Sheet Perfils
D4: Import €/hora amb IVA | E4: Preu/hora IVA exclòs
C5: Responsable de contracte | D5: 68.07 | E5: 56.26
C6: Consultor/a sènior | D6: 64.15 | E6: 53.02
C7: Consultor/a júnior | D7: 48.36 | E7: 39.97
B12: Servei plec | C12: Perfil | D12: % dedicació | E12: Preu perfil IVA inclòs | F12: Preu perfil IVA exclòs | G12: Preu / hora /perfil
B13: Gestió de les peticions de GD i Suport al desplegament del MGDE | C13: =$C$5 -> Responsable de contracte | D13: 0.05 | E13: =$D$5 -> 68.07 | F13: =$E$5 -> 56.26 | G13: =E13*D13 -> 3.4035
C14: =$C$6 -> Consultor/a sènior | D14: 0.55 | E14: =$D$6 -> 64.15 | F14: =$E$6 -> 53.02 | G14: =E14*D14 -> 35.2825
C15: =$C$7 -> Consultor/a júnior | D15: 0.4 | E15: =$D$7 -> 48.36 | F15: =$E$7 -> 39.97 | G15: =E15*D15 -> 19.344
C16: Preu perfil tipus | G16: =SUM(G13:G15) -> 58.03
B17: Gestió del manteniment de l'eArxiu i Govern OTGD” | C17: =$C$5 -> Responsable de contracte | D17: 0.05 | E17: =$D$5 -> 68.07 | F17: =$E$5 -> 56.26 | G17: =E17*D17 -> 3.4035
C18: =$C$6 -> Consultor/a sènior | D18: 0.35 | E18: =$D$6 -> 64.15 | F18: =$E$6 -> 53.02 | G18: =E18*D18 -> 22.4525
C19: =$C$7 -> Consultor/a júnior | D19: 0.6 | E19: =$D$7 -> 48.36 | F19: =$E$7 -> 39.97 | G19: =E19*D19 -> 29.016
C20: Preu perfil tipus | G20: =SUM(G17:G19) -> 54.872
B21: Coordinació i control migracions a OpenText | C21: =$C$5 -> Responsable de contracte | D21: 0.05 | E21: =$D$5 -> 68.07 | F21: =$E$5 -> 56.26 | G21: =E21*D21 -> 3.4035
C22: =$C$6 -> Consultor/a sènior | D22: 0.55 | E22: =$D$6 -> 64.15 | F22: =$E$6 -> 53.02 | G22: =E22*D22 -> 35.2825
C23: =$C$7 -> Consultor/a júnior | D23: 0.4 | E23: =$D$7 -> 48.36 | F23: =$E$7 -> 39.97 | G23: =E23*D23 -> 19.344
C24: Preu perfil tipus | G24: =SUM(G21:G23) -> 58.03
G25: =(G16+G20+G24)/3 -> 56.977333

Sheet Taules IJ
A2: Distribució de pressupost per any i per servei
B4: 2022 | E4: 2023 | H4: 2024
A5: Serveis | B5: Import net | C5: IVA 21% | D5: Import total | E5: Import net | F5: IVA 21% | G5: Import total | H5: Import net | I5: IVA 21% | J5: Import total | K5: Total import net | L5: Total IVA 21% | M5: Total import contracte
A6: Gestió de les peticions de GD i Suport al desplegament del MGDE | B6: =ROUND('Càlcul pressupost'!E6/1.21,2) -> 19113.24 | C6: =ROUND(B6*0.21,2) -> 4013.78 | D6: =+B6+C6 -> 23127.02 | E6: =ROUND('Càlcul pressupost'!F6/1.21,2) -> 57339.71 | F6: =ROUND(E6*0.21,2) -> 12041.34 | G6: =+E6+F6 -> 69381.05 | H6: =ROUND('Càlcul pressupost'!G6/1.21,2) -> 38226.47 | I6: =ROUND(H6*0.21,2) -> 8027.56 | J6: =+H6+I6 -> 46254.03 | K6: =ROUND((B6+E6+H6),2) -> 114679.42 | L6: =ROUND((C6+F6+I6),2) -> 24082.68 | M6: =ROUND((D6+G6+J6),2) -> 138762.1
A7: Gestió del manteniment de l'eArxiu i Govern OTGD | B7: =ROUND('Càlcul pressupost'!E7/1.21,2) -> 11191.83 | C7: =ROUND(B7*0.21,2) -> 2350.28 | D7: =+B7+C7 -> 13542.11 | E7: =ROUND('Càlcul pressupost'!F7/1.21,2) -> 33575.5 | F7: =ROUND(E7*0.21,2) -> 7050.86 | G7: =+E7+F7 -> 40626.36 | H7: =ROUND('Càlcul pressupost'!G7/1.21,2) -> 22383.67 | I7: =ROUND(H7*0.21,2) -> 4700.57 | J7: =+H7+I7 -> 27084.24 | K7: =ROUND((B7+E7+H7),2) -> 67151 | L7: =ROUND((C7+F7+I7),2) -> 14101.71 | M7: =ROUND((D7+G7+J7),2) -> 81252.71
A8: Coordinació i control migracions a OpenText | B8: =ROUND('Càlcul pressupost'!E8/1.21,2) -> 35159.14 | C8: =ROUND(B8*0.21,2) -> 7383.42 | D8: =+B8+C8 -> 42542.56 | E8: =ROUND('Càlcul pressupost'!F8/1.21,2) -> 105477.41 | F8: =ROUND(E8*0.21,2) -> 22150.26 | G8: =+E8+F8 -> 127627.67 | H8: =ROUND('Càlcul pressupost'!G8/1.21,2) -> 70318.25 | I8: =ROUND(H8*0.21,2)-0.01*0 -> 14766.83 | J8: =+H8+I8 -> 85085.08 | K8: =ROUND((B8+E8+H8),2) -> 210954.8 | L8: =ROUND((C8+F8+I8),2) -> 44300.51 | M8: =ROUND((D8+G8+J8),2) -> 255255.31
A9: Transició | B9: =D9/1.21 -> 0 | C9: =B9*0.21 -> 0 | D9: ='Càlcul pressupost'!E9 -> 0 | F9: =E9*0.21 -> 0 | I9: =H9*0.21 -> 0 | K9: =ROUND((B9+E9+H9),2) -> 0 | L9: =ROUND((C9+F9+I9),2) -> 0 | M9: =ROUND((D9+G9+J9),2) -> 0
B10: =SUM(B6:B9) -> 65464.21 | C10: =SUM(C6:C9) -> 13747.48 | D10: =SUM(D6:D9) -> 79211.69 | E10: =SUM(E6:E8) -> 196392.62 | F10: =SUM(F6:F8) -> 41242.46 | G10: =SUM(G6:G8) -> 237635.08 | H10: =SUM(H6:H8) -> 130928.39 | I10: =SUM(I6:I8) -> 27494.96 | J10: =SUM(J6:J8) -> 158423.35 | K10: =SUM(K6:K9) -> 392785.22 | L10: =SUM(L6:L9) -> 82484.9 | M10: =SUM(M6:M9) -> 475270.12
A12: Distribució de pressupost per any
A14: Any | B14: Període | C14: Capítol | D14: Import total | E14: Pressupost net | F14: IVA | H14: Any | I14: C2 | J14: C6
A15: 2022 | B15: de l'1-9 al 31-12 | C15: II | D15: =D6+D7+D9 -> 36669.13 | E15: =B6+B7+B9 -> 30305.07 | F15: =C6+C7+C9 -> 6364.06 | H15: 2022 | I15: =D15 -> 36669.13
A16: 2022 | B16: de l'1-9 al 31-12 | C16: VI | D16: =D8 -> 42542.56 | E16: =B8 -> 35159.14 | F16: =C8 -> 7383.42 | H16: 2022 | J16: =D16 -> 42542.56
A17: 2023 | B17: de l'1-1 al 31-12 | C17: II | D17: =G6+G7 -> 110007.41 | E17: =E6+E7 -> 90915.21 | F17: =F6+F7 -> 19092.2 | H17: 2023 | I17: =D17 -> 110007.41
A18: 2023 | B18: de l'1-1 al 31-12 | C18: VI | D18: =G8 -> 127627.67 | E18: =E8 -> 105477.41 | F18: =F8 -> 22150.26 | H18: 2023 | J18: =D18 -> 127627.67
A19: 2024 | B19: de l'1-1 al 31-8 | C19: II | D19: =J6+J7 -> 73338.27 | E19: =H6+H7 -> 60610.14 | F19: =I6+I7 -> 12728.13 | H19: 2024 | I19: =D19 -> 73338.27
A20: 2024 | B20: de l'1-1 al 31-8 | C20: VI | D20: =J8 -> 85085.08 | E20: =H8 -> 70318.25 | F20: =I8 -> 14766.83 | H20: 2024 | J20: =D20 -> 85085.08
A21: Total | D21: =SUM(D15:D20) -> 475270.12 | E21: =SUM(E15:E20) -> 392785.22 | F21: =SUM(F15:F20) -> 82484.9 | H21: Total | I21: =SUM(I15:I20) -> 220014.81 | J21: =SUM(J15:J20) -> 255255.31
A24: Any | B24: Pressupost net | C24: IVA | D24: Import total | E24: (*) L'import total de l'IVA correspon al sumatori dels imports individuals detallats a la taula anterior (fila 8 columnes C i F) i no a l'aplicació directa de l'IVA actual del 21% sobre el pressupost net totalitzat (files 14 a 16 columna B).
A25: 2022 | B25: =+B10 -> 65464.21 | C25: =+C10 -> 13747.48 | D25: =ROUND((B25+C25),2) -> 79211.69
A26: 2023 | B26: =+E10 -> 196392.62 | C26: =+F10 -> 41242.46 | D26: =ROUND((B26+C26),2) -> 237635.08
A27: 2024 | B27: =+H10 -> 130928.39 | C27: =+I10 -> 27494.96 | D27: =ROUND((B27+C27),2) -> 158423.35
A28: Total | B28: =SUM(B25:B27) -> 392785.22 | C28: =SUM(C25:C27) -> 82484.9 | D28: =ROUND((B28+C28),2) -> 475270.12
D29: =+B28*1.21 -> 475270.12
A31: Modificacions de contracte: ampliació / disminució
A33: Causes previstes de modificació | B33: Import (IVA inclòs) | C33: % Ampliació sobre import del contracte | D33: Import màxim ampliació (amb IVA) | E33: % Disminució sobre import del contracte | F33: Import màxim disminució (amb IVA)
A34: Modificacions per augment o disminució de dedicació horària | B34: =M10 -> 475270.12 | C34: 0.2 | D34: =ROUND((C34*$M$10),2) -> 95054.02 | E34: 0.095 | F34: =E34*$M$10 -> 45150.661
A35: TOTAL | B35: =+D28 -> 475270.12 | C35: =SUM(C34:C34) -> 0.2 | D35: =SUM(D34:D34) -> 95054.02 | E35: =SUM(E34:E34) -> 0.095 | F35: =SUM(F34:F34) -> 45150.661
D36: =+D35/1.21 -> 78557.041 | F36: =+F35/1.21 -> 37314.596
D37: IVA EXCLÒS | F37: IVA EXCLÒS
A40: VEC
B41: VE Import màxim licitació | C41: VE eventuals pròrrogues | D41: VE modificacions contracte amb increment de cost | E41: VE modificacions contracte amb disminució de cost | F41: TOTAL
A42: 2022 | B42: =B10 -> 65464.21 | D42: =ROUND((G42/$G$46)*$D$36,2)+0.01 -> 11222.45 | E42: =-ROUND((G42/$G$46)*$F$36,2) -> -5330.66 | F42: =SUM(B42:D42) -> 76686.66 | G42: =+B42+C42 -> 65464.21
A43: 2023 | B43: =E10 -> 196392.62 | D43: =ROUND((G43/$G$46)*$D$36,2)+0.01 -> 33667.31 | E43: =-ROUND((G43/$G$46)*$F$36,2) -> -15991.97 | F43: =SUM(B43:D43) -> 230059.93 | G43: =+B43+C43 -> 196392.62
A44: 2024 | B44: =H10 -> 130928.39 | C44: =B6+B7+B8 -> 65464.21 | D44: =ROUND((G44/$G$46)*$D$36,2)+0.01 -> 33667.31 | E44: =-ROUND((G44/$G$46)*$F$36,2) -> -15991.97 | F44: =SUM(B44:D44) -> 230059.91 | G44: =+B44+C44 -> 196392.6
A45: 2025 | C45: =H10 -> 130928.39 | F45: =SUM(B45:D45) -> 130928.39 | G45: =+B45+C45 -> 130928.39
A46: Total | B46: =SUM(B42:B45) -> 392785.22 | C46: =SUM(C42:C45) -> 196392.6 | D46: =SUM(D42:D45) -> 78557.07 | E46: =SUM(E42:E45) -> -37314.6 | F46: =SUM(F42:F45) -> 667734.89 | G46: =SUM(G37:G44) -> 458249.43
A53: VEC | B53: Marges possibles solvènvia
A54: =+F46 -> 667734.89 | B54: Solvència económica | D54: Solvència tècnica
A55: Anys de contracte | B55: ACONSELLABLE | C55: MÀXIM | D55: MÍNIM | E55: MÀXIM
A56: 2 | B56: =+C56/A56 -> 500801.17 | C56: =1.5*A54 -> 1001602.3 | D56: =ROUND(A54*2/3/A56,2) -> 222578.3 | E56: =+C56 -> 1001602.3
B57: 1,5 x VEC / anys de contracte | C57: 1,5 x VEC | D57: 2/3 VEC / anys de contracte | E57: 1,5 x VEC

Sheet Justificació
B2: CÀLCUL COSTOS DIRECTES I INDIRECTES ANUALS | F2: 0.2
A4: Servei | B4: Perfil | C4: Preu Hora IVA exclòs | D4: Hores Anuals segons conveni (*) | E4: Preu Anual | F4: Benefici Industrial (20%) | G4: Cost Total | H4: Cost Indirecte (8%) | I4: Cost personal | J4: Seguretat Social (34%) (s'aplica s/ salari brut) | K4: Salari Brut
A5: Gestió dels serveis de l'OTGD | B5: Responsable de contracte | C5: =Perfils!E5 -> 56.26 | D5: 1800 | E5: =C5*D5 -> 101268 | F5: =E5*$F$2 -> 20253.6 | G5: =E5-F5 -> 81014.4 | H5: =G5*0.08 -> 6481.152 | I5: =G5-H5 -> 74533.248 | J5: =I5*0.34/1.34 -> 18911.421 | K5: =I5-J5 -> 55621.827
A6: Gestió dels serveis de l'OTGD | B6: Consultor/a sènior | C6: =Perfils!E6 -> 53.02 | D6: 1800 | E6: =C6*D6 -> 95436 | F6: =E6*$F$2 -> 19087.2 | G6: =E6-F6 -> 76348.8 | H6: =G6*0.08 -> 6107.904 | I6: =G6-H6 -> 70240.896 | J6: =I6*0.34/1.34 -> 17822.317 | K6: =I6-J6 -> 52418.579
A7: Gestió dels serveis de l'OTGD | B7: Consultor/a júnior | C7: =Perfils!E7 -> 39.97 | D7: 1800 | E7: =C7*D7 -> 71946 | F7: =E7*$F$2 -> 14389.2 | G7: =E7-F7 -> 57556.8 | H7: =G7*0.08 -> 4604.544 | I7: =G7-H7 -> 52952.256 | J7: =I7*0.34/1.34 -> 13435.647 | K7: =I7-J7 -> 39516.609
D8: (*) Convenio colectivo estatal de empresas de consultoría y estudios de mercado y de la opinión pública (https://www.boe.es/diario_boe/txt.php?id=BOE-A-2018-3156​)
B10: CÀLCUL COSTOS DIRECTES I INDIRECTES PEL PROJECTE
D12: Preu IVA exclòs | E12: Benefici Industrial (20%) | F12: Cost Total | G12: Cost Indirecte (8%) | H12: Suma costos Indirectes | I12: Cost personal | J12: Seguretat Social (34%) | K12: Salari Brut | L12: Suma costos Directes
B13: IMPORTS TOTALS | D13: =+'Taules IJ'!B28 -> 392785.22 | E13: =D13*F2 -> 78557.044 | F13: =D13-E13 -> 314228.18 | G13: =F13*0.08 -> 25138.254 | H13: =+E13+G13 -> 103695.3 | I13: =F13-G13 -> 289089.92 | J13: =I13*0.34/1.34 -> 73351.174 | K13: =I13-J13 -> 215738.75 | L13: =+K13+J13 -> 289089.92
A16: Costos directes:
A17: Costos salarials - Salari Brut | B17: =K13 -> 215738.75
A18: Costos salarials - Seguretat Social (34%) | B18: =J13 -> 73351.174
A19: TOTAL (Suma costos directes) | B19: =SUM(B17:B18) -> 289089.92
A21: Costos indirectes:
A22: Despeses generals d’estructura | B22: =G13 -> 25138.254
A23: Benefici industrial | B23: =E13 -> 78557.044
A24: TOTAL(Suma costos indirectes + benefici industrial) | B24: =SUM(B22:B23) -> 103695.3
A26: TOTAL DE COSTOS (directes + indirectes): | B26: =H13+L13 -> 392785.22

Sheet Taula LOT-SERV-APP
A1: Contracte | B1: Servei | C1: Aplicació | D1: Lot X | E1: 2 lots!!
A2: G0389 | B2: SER0044 | C2: APP0860-SAP Subvencions | D2: 2
A3: G0389 | B3: SER0044 | C3: APP0861-SAP Convenis | D3: 2
A4: G0389 | B4: SER0044 | C4: APP0943-Expedient bustia etica | D4: 2
A5: G0389 | B5: SER0412 | C5: APP0867-Recepció factura electrònica | D5: 2
A6: G0389 | B6: SER0412 | C6: APP0864-Emissio factura electrònica | D6: 2
A7: G0389 | B7: SER0411 | C7: APP0866-FENS | D7: 2
A8: G0389 | B8: SER0474 | C8: APP0896-Gestió de bestretes | D8: 2
A9: G0389 | B9: SER0473 | C9: APP0895-Expedients economics(core) | D9: 2
A10: G0389 | B10: SER0038 | C10: APP0150-Compres | D10: 2
A11: G0389 | B11: SER0474 | C11: APP0898-Autorització de viatges | D11: 2
A13: G0389 | B13: SER0031 | C13: APP0176-COPERNICO | D13: 1
A14: G0389 | B14: SER0031 | C14: APP0719-Digitalització actes del plenari | D14: 1
... A34: G0074 | B34: SER0150 | C34: APP0071-Autorització comissió de servei | D34: 1
A36: Quden fora d'abast:
A37: GR | B37: SER0028 | C37: APP0360-Inmagic | D37: No | E37: Producte
A38: GR | B38: SER0028 | C38: APP0859-Unicorn-hyperion | D38: No
A39: GR | B39: SER0028 | C39: APP0868-Albala | D39: No
A40: GR | B40: SER0044 | C40: APP0262-eSubvencions | D40: No | E40: Contrato a parte
A41: GR | B41: Governança de serveis i projectes | D41: No
A42: GR | B42: Governança de gestió d'actius | D42: No
A43: GR | B43: Bustia etica | D43: No
A45: G0026 | B45: SER0028 | C45: APP0858-BCNROC | D45: No | E45: Producte
A46: G0024 | B46: SER0204 | C46: APP0862-Gestió Actius | D46: No
A47: G0004 | B47: SER0032 | C47: APP0373-INFOLEX | D47: No | E47: Producte
A48: G0004 | B48: SER0032 | C48: APP0865-Infolex de consulta | D48: No | E48: Producte
A49: G0018 | B49: SER0046 | C49: APP0169-Consums energetics | D49: No
A50: G0018 | B50: SER0047 | C50: APP0421-Manteniment Edificis | D50: No
A51: ? | C51: BKM | D51: No | E51: Producte
A52: Mediacloud | B52: SER0031 | C52: APP0478-Organismes Municipals | D52: No

Sheet Taula Estimació de dades
A1: LOT 2
A2: Contracte | B2: Servei | C2: Aplicació | D2: h Manteniment correctiu | E2: Preu/hora | F2: € Manteniment correctiu | G2: h Manteniment recurrent | H2: Preu/hora | I2: € Manteniment recurrent | J2: h OT | K2: Preu/hora | L2: € OT | M2: DATA INICI NOUS SERVEIS
A3: G0389 | B3: SER0044 | C3: APP0860-SAP Subvencions | D3: 75.29 | E3: 53.57 | F3: =D3*E3 -> 4033.2853 | G3: 570 | H3: 53.57 | I3: =G3*H3 -> 30534.9 | J3: 96.7935 | K3: 57.5 | L3: =J3*K3 -> 5565.6263
A4: G0389 | B4: SER0044 | C4: APP0861-SAP Convenis | D4: 288.60029 | E4: 53.57 | F4: =D4*E4 -> 15460.317 | G4: 577.20058 | H4: 53.57 | I4: =G4*H4 -> 30920.635 | J4: 129.87013 | K4: 57.5 | L4: =J4*K4 -> 7467.5325
A5: G0389 | B5: SER0044 | C5: APP0943-Expedient bustia etica | D5: 29.106349 | E5: 53.57 | F5: =D5*E5 -> 1559.2271 | G5: 89.798846 | H5: 53.57 | I5: =G5*H5 -> 4810.5242 | J5: 17.835779 | K5: 57.5 | L5: =J5*K5 -> 1025.5573
A6: G0389 | B6: SER0412 | C6: APP0867-Recepció factura electrònica | D6: 200 | E6: 53.57 | F6: =D6*E6 -> 10714 | G6: 220 | H6: 53.57 | I6: =G6*H6 -> 11785.4 | J6: 63 | K6: 57.5 | L6: =J6*K6 -> 3622.5
A7: G0389 | B7: SER0412 | C7: APP0864-Emissio factura electrònica | D7: 36.492063 | E7: 53.57 | F7: =D7*E7 -> 1954.8798 | G7: 72.984127 | H7: 53.57 | I7: =G7*H7 -> 3909.7597 | J7: 16.421429 | K7: 57.5 | L7: =J7*K7 -> 944.23214
A8: G0389 | B8: SER0411 | C8: APP0866-FENS | D8: 20 | E8: 53.57 | F8: =D8*E8 -> 1071.4 | G8: 85 | H8: 53.57 | I8: =G8*H8 -> 4553.45 | J8: 15.75 | K8: 57.5 | L8: =J8*K8 -> 905.625
A9: G0389 | B9: SER0474 | C9: APP0896-Gestió de bestretes | D9: 103.671 | E9: 53.57 | F9: =D9*E9 -> 5553.6552 | G9: 434.23719 | H9: 53.57 | I9: =G9*H9 -> 23262.086 | J9: 80.686227 | K9: 57.5 | L9: =J9*K9 -> 4639.4581
A10: G0389 | B10: SER0473 | C10: APP0895-Expedients economics(core) | D10: 0 | E10: 53.57 | F10: =D10*E10 -> 0 | G10: 202.4 | H10: 53.57 | I10: =G10*H10 -> 10842.568 | J10: 30.36 | K10: 57.5 | L10: =J10*K10 -> 1745.7
A11: G0389 | B11: SER0038 | C11: APP0150-Compres | D11: 0 | E11: 53.57 | F11: =D11*E11 -> 0 | G11: 159.03 | H11: 53.57 | I11: =G11*H11 -> 8519.2371 | J11: 23.8545 | K11: 57.5 | L11: =J11*K11 -> 1371.6337 | N11: Varia de molt poc
A12: G0389 | B12: SER0474 | C12: APP0898-Autorització de viatges | D12: 0 | E12: 53.57 | F12: =D12*E12 -> 0 | G12: 0 | H12: 53.57 | I12: =G12*H12 -> 0 | J12: 0 | K12: 57.5 | L12: =J12*K12 -> 0
A13: GR | B13: SER0044 | C13: APP0262-eSubvencions | D13: 288.60029 | E13: 53.57 | F13: =D13*E13 -> 15460.317 | G13: 649.35065 | H13: 53.57 | I13: =G13*H13 -> 34785.714 | J13: 140.69264 | K13: 57.5 | L13: =J13*K13 -> 8089.8268 | M13: 43466
D14: =SUM(D3:D13) -> 1041.76 | F14: =SUM(F3:F13) -> 55807.082 | G14: =SUM(G3:G13) -> 3060.0014 | I14: =SUM(I3:I13) -> 163924.27 | J14: =SUM(J3:J13) -> 615.26421 | L14: =SUM(L3:L13) -> 35377.692
A16: A partir de 16/05/2018
A17: Contracte | B17: Servei | C17: Aplicació | D17: h Manteniment correctiu | E17: h A partir 16/05/2018 | F17: Preu/hora | G17: € Manteniment correctiu | H17: h Manteniment recurrent | I17: h A partir 16/05/2018 | J17: Preu/hora | K17: € Manteniment recurrent | L17: h OT | M17: h A partir 16/05/2018 | N17: Preu/hora | O17: € OT | P17: DATA INICI NOUS SERVEIS
A18: G0389 | B18: SER0044 | C18: APP0860-SAP Subvencions | D18: 75.29 | E18: =D18/365*197.5 -> 40.73911 | F18: 53.57 | G18: =E18*F18 -> 2182.3941 | H18: 570 | I18: =H18/365*197.5 -> 308.42466 | J18: 53.57 | K18: =I18*J18 -> 16522.309 | L18: 96.7935 | M18: =L18/365*197.5 -> 52.374565 | N18: 57.5 | O18: =M18*N18 -> 3011.5375
A19: G0389 | B19: SER0044 | C19: APP0861-SAP Convenis | D19: 288.60029 | E19: =D19/365*197.5 -> 156.16043 | F19: 53.57 | G19: =E19*F19 -> 8365.5142 | H19: 577.20058 | I19: =H19/365*197.5 -> 312.32086 | J19: 53.57 | K19: =I19*J19 -> 16731.028 | L19: 129.87013 | M19: =L19/365*197.5 -> 70.272194 | N19: 57.5 | O19: =M19*N19 -> 4040.6511
A20: G0389 | B20: SER0044 | C20: APP0943-Expedient bustia etica | D20: 29.106349 | E20: =D20/365*197.5 -> 15.749326 | F20: 53.57 | G20: =E20*F20 -> 843.69139 | H20: 89.798846 | I20: =H20/365*197.5 -> 48.589786 | J20: 53.57 | K20: =I20*J20 -> 2602.9549 | L20: 17.835779 | M20: =L20/365*197.5 -> 9.6508668 | N20: 57.5 | O20: =M20*N20 -> 554.92484
A21: G0389 | B21: SER0412 | C21: APP0867-Recepció factura electrònica | D21: 200 | E21: =D21/365*197.5 -> 108.21918 | F21: 53.57 | G21: =E21*F21 -> 5797.3014 | H21: 220 | I21: =H21/365*197.5 -> 119.0411 | J21: 53.57 | K21: =I21*J21 -> 6377.0315 | L21: 63 | M21: =L21/365*197.5 -> 34.089041 | N21: 57.5 | O21: =M21*N21 -> 1960.1199
A22: G0389 | B22: SER0412 | C22: APP0864-Emissio factura electrònica | D22: 36.492063 | E22: =D22/365*197.5 -> 19.745706 | F22: 53.57 | G22: =E22*F22 -> 1057.7774 | H22: 72.984127 | I22: =H22/365*197.5 -> 39.491411 | J22: 53.57 | K22: =I22*J22 -> 2115.5549 | L22: 16.421429 | M22: =L22/365*197.5 -> 8.8855675 | N22: 57.5 | O22: =M22*N22 -> 510.92013
A23: G0389 | B23: SER0411 | C23: APP0866-FENS | D23: 20 | E23: =D23/365*197.5 -> 10.821918 | F23: 53.57 | G23: =E23*F23 -> 579.73014 | H23: 85 | I23: =H23/365*197.5 -> 45.993151 | J23: 53.57 | K23: =I23*J23 -> 2463.8531 | L23: 15.75 | M23: =L23/365*197.5 -> 8.5222603 | N23: 57.5 | O23: =M23*N23 -> 490.02997
A24: G0389 | B24: SER0474 | C24: APP0896-Gestió de bestretes | D24: 103.671 | E24: =D24/365*197.5 -> 56.09595 | F24: 53.57 | G24: =E24*F24 -> 3005.06 | H24: 434.23719 | I24: =H24/365*197.5 -> 234.96396 | J24: 53.57 | K24: =I24*J24 -> 12587.019 | L24: 80.686227 | M24: =L24/365*197.5 -> 43.658986 | N24: 57.5 | O24: =M24*N24 -> 2510.3917
A25: G0389 | B25: SER0473 | C25: APP0895-Expedients economics(core) | D25: 0 | E25: =D25/365*197.5 -> 0 | F25: 53.57 | G25: =E25*F25 -> 0 | H25: 202.4 | I25: =H25/365*197.5 -> 109.51781 | J25: 53.57 | K25: =I25*J25 -> 5866.869 | L25: 30.36 | M25: =L25/365*197.5 -> 16.427671 | N25: 57.5 | O25: =M25*N25 -> 944.5911
A26: G0389 | B26: SER0038 | C26: APP0150-Compres | D26: 0 | E26: =D26/365*197.5 -> 0 | F26: 53.57 | G26: =E26*F26 -> 0 | H26: 159.03 | I26: =H26/365*197.5 -> 86.050479 | J26: 53.57 | K26: =I26*J26 -> 4609.7242 | L26: 23.8545 | M26: =L26/365*197.5 -> 12.907572 | N26: 57.5 | O26: =M26*N26 -> 742.18539 | Q26: Varia de molt poc
A27: G0389 | B27: SER0474 | C27: APP0898-Autorització de viatges | D27: 0 | E27: =D27/365*197.5 -> 0 | F27: 53.57 | G27: =E27*F27 -> 0 | H27: 0 | I27: =H27/365*197.5 -> 0 | J27: 53.57 | K27: =I27*J27 -> 0 | L27: 0 | M27: =L27/365*197.5 -> 0 | N27: 57.5 | O27: =M27*N27 -> 0
A28: GR | B28: SER0044 | C28: APP0262-eSubvencions | D28: 288.60029 | E28: =D28/365*197.5 -> 156.16043 | F28: 53.57 | G28: =E28*F28 -> 8365.5142 | H28: 649.35065 | I28: =H28/365*197.5 -> 351.36097 | J28: 53.57 | K28: =I28*J28 -> 18822.407 | L28: 140.69264 | M28: =L28/365*197.5 -> 76.12821 | N28: 57.5 | O28: =M28*N28 -> 4377.3721 | P28: 43466
E29: =SUM(E18:E28) -> 563.69205 | G29: =SUM(G18:G28) -> 30196.983 | I29: =SUM(I18:I28) -> 1655.7542 | K29: =SUM(K18:K28) -> 88698.751 | M29: =SUM(M18:M28) -> 332.91693 | O29: =SUM(O18:O28) -> 19142.724
A30: GERÈNCIA DE RECURSOS (GR) LOT2 SAP | B30: Glòria Santamaria | C30: 321139.87 | D30: =+C30*3 -> 963419.62 | G30: =+D30/36*M30*0.25 -> 13380.828 | H30: 0 | J30: =+D30+G30+H30 -> 976800.45 | K30: S | M30: 2 | N30: 43101 | O30: 43236 | P30: 43236 | Q30: 43297
F32: CORR-RECU-OT | G32: TRANS
E33: 2018 | F33: =G29+K29+O29 -> 138038.46 | G33: =G30 -> 13380.828
E34: 2019 | F34: =F14+I14+L14 -> 255109.05
E35: 2020 | F35: =F14+I14+L14 -> 255109.05
E36: 2021 | F36: =F14+I14+L14 -> 255109.05
F37: =SUM(F33:F36) -> 903365.6 | G37: =SUM(G33:G36) -> 13380.828 | H37: =F37+G37 -> 916746.43
A39: LOT 1
A40: Contracte | B40: Servei | C40: Aplicació | D40: h Manteniment correctiu | E40: Preu/hora | F40: € Manteniment correctiu | G40: h Manteniment recurrent | H40: Preu/hora | I40: € Manteniment recurrent | J40: h OT | K40: Preu/hora | L40: € OT | M40: DATA INICI NOUS SERVEIS
A41: G0389 | B41: SER0031 | C41: APP0176-COPERNICO | D41: 209.25492 | E41: 46.59 | F41: =D41*E41 -> 9749.1868 | G41: 982.79691 | H41: 49.95 | I41: =G41*H41 -> 49090.706 | J41: 178.80777 | K41: 57.5 | L41: =J41*K41 -> 10281.447
A42: G0389 | B42: SER0031 | C42: APP0719-Digitalització actes del plenari | D42: 72.916667 | E42: 46.59 | F42: =D42*E42 -> 3397.1875 | G42: 853.57417 | H42: 49.95 | I42: =G42*H42 -> 42636.03 | J42: 138.97362 | K42: 57.5 | L42: =J42*K42 -> 7990.9834
A43: G0389 | B43: SER0031 | C43: APP0295-GASETA | D43: 161.31323 | E43: 46.59 | F43: =D43*E43 -> 7515.5835 | G43: 739.83205 | H43: 49.95 | I43: =G43*H43 -> 36954.611 | J43: 135.17179 | K43: 57.5 | L43: =J43*K43 -> 7772.378
A44: G0389 | B44: SER0153 | C44: APP0668-Tauler d'Edictes | D44: 43.75 | E44: 46.59 | F44: =D44*E44 -> 2038.3125 | G44: 688.42667 | H44: 49.95 | I44: =G44*H44 -> 34386.912 | J44: 109.8265 | K44: 57.5 | L44: =J44*K44 -> 6315.0237
A45: G0080 | B45: SER0031 | C45: APP0233-eDecrets | D45: 63.135559 | E45: 46.59 | F45: =D45*E45 -> 2941.4857 | G45: 174.43309 | H45: 49.95 | I45: =G45*H45 -> 8712.933 | J45: 35.635298 | K45: 57.5 | L45: =J45*K45 -> 2049.0296
A46: G0080 | B46: SER0031 | C46: APP0942-eDecretIns | D46: 63.135559 | E46: 46.59 | F46: =D46*E46 -> 2941.4857 | G46: 174.43309 | H46: 49.95 | I46: =G46*H46 -> 8712.933 | J46: 35.635298 | K46: 57.5 | L46: =J46*K46 -> 2049.0296
A47: G0079 | B47: SER0031 | C47: APP0340-GPD | D47: 201.75654 | E47: 46.59 | F47: =D47*E47 -> 9399.8373 | G47: 498.38026 | H47: 49.95 | I47: =G47*H47 -> 24894.094 | J47: 105.02052 | K47: 57.5 | L47: =J47*K47 -> 6038.6799
A48: H0094 | B48: SER0031 | C48: Nou registre d'interessos | D48: 199.35211 | E48: 46.59 | F48: =D48*E48 -> 9287.8146 | G48: 375.47097 | H48: 49.95 | I48: =G48*H48 -> 18754.775 | J48: 86.223461 | K48: 57.5 | L48: =J48*K48 -> 4957.849
A49: G0519 | B49: SER0414 | C49: Nou sistema d'alcaldia | D49: 996.76053 | E49: 46.59 | F49: =D49*E49 -> 46439.073 | G49: 1993.5211 | H49: 49.95 | I49: =G49*H49 -> 99576.377 | J49: 448.54224 | K49: 57.5 | L49: =J49*K49 -> 25791.179 | M49: 43405
A50: Projecte nou | C50: Nou expedient de bustia etica | D50: 249.19013 | E50: 46.59 | F50: =D50*E50 -> 11609.768 | G50: 747.5704 | H50: 49.95 | I50: =G50*H50 -> 37341.141 | J50: 149.51408 | K50: 57.5 | L50: =J50*K50 -> 8597.0596 | M50: 43252
A51: Projecte nou | C51: Nou organismes municipals | D51: 124.59507 | E51: 46.59 | F51: =D51*E51 -> 5804.8841 | G51: 498.38026 | H51: 49.95 | I51: =G51*H51 -> 24894.094 | J51: 93.4463 | K51: 57.5 | L51: =J51*K51 -> 5373.1622 | M51: 43252
A52: Projecte nou | C52: Nou GRA | D52: 124.59507 | E52: 46.59 | F52: =D52*E52 -> 5804.8841 | G52: 498.38026 | H52: 49.95 | I52: =G52*H52 -> 24894.094 | J52: 93.4463 | K52: 57.5 | L52: =J52*K52 -> 5373.1622 | M52: 43252
A54: G0080 | B54: SER0031 | C54: APP0591-RIS Unions civils | D54: 10.601545 | E54: 46.59 | F54: =D54*E54 -> 493.92598 | G54: 0 | H54: 49.95 | I54: =G54*H54 -> 0 | J54: 1.5902317 | K54: 57.5 | L54: =J54*K54 -> 91.438325
A55: G0080 | B55: SER0027 | C55: APP0571-RecGUB | D55: 85.016197 | E55: 46.59 | F55: =D55*E55 -> 3960.9046 | G55: 0 | H55: 49.95 | I55: =G55*H55 -> 0 | J55: 12.75243 | K55: 57.5 | L55: =J55*K55 -> 733.2647
A56: G0074 | B56: SER0027 | C56: APP0579-RIS centralitzat | D56: 28.842263 | E56: 46.59 | F56: =D56*E56 -> 1343.761 | G56: 0 | H56: 49.95 | I56: =G56*H56 -> 0 | J56: 4.3263394 | K56: 57.5 | L56: =J56*K56 -> 248.76452
A57: G0080 | B57: SER0032 | C57: APP0341-GRA | D57: 0 | E57: 46.59 | F57: =D57*E57 -> 0 | G57: 0 | H57: 49.95 | I57: =G57*H57 -> 0 | J57: 0 | K57: 57.5 | L57: =J57*K57 -> 0
A58: G0080 | B58: SER0413 | C58: APP0702-VIPS | D58: 0 | E58: 46.59 | F58: =D58*E58 -> 0 | G58: 121.44256 | H58: 49.95 | I58: =G58*H58 -> 6066.056 | J58: 18.216384 | K58: 57.5 | L58: =J58*K58 -> 1047.4421
A59: G0080 | B59: SER0413 | C59: APP0900 - ORGA | D59: 0 | E59: 46.59 | F59: =D59*E59 -> 0 | G59: 0 | H59: 49.95 | I59: =G59*H59 -> 0 | J59: 0 | K59: 57.5 | L59: =J59*K59 -> 0
A60: G0080 | B60: SER0413 | C60: APP0899 SIAP | D60: 0 | E60: 46.59 | F60: =D60*E60 -> 0 | G60: 0 | H60: 49.95 | I60: =G60*H60 -> 0 | J60: 0 | K60: 57.5 | L60: =J60*K60 -> 0
A61: G0080 | B61: SER0413 | C61: APP0896 VERDI | D61: 0 | E61: 46.59 | F61: =D61*E61 -> 0 | G61: 0 | H61: 49.95 | I61: =G61*H61 -> 0 | J61: 0 | K61: 57.5 | L61: =J61*K61 -> 0
A62: G0080 | B62: SER0414 | C62: APP0592-RISPLUS | D62: 654.49265 | E62: 46.59 | F62: =D62*E62 -> 30492.813 | G62: 747.5704 | H62: 49.95 | I62: =G62*H62 -> 37341.141 | J62: 210.30946 | K62: 57.5 | L62: =J62*K62 -> 12092.794
A63: G0074 | B63: SER0414 | C63: APP0294-GALIOT consulta històric | D63: 25.73237 | E63: 46.59 | F63: =D63*E63 -> 1198.8711 | G63: 0 | H63: 49.95 | I63: =G63*H63 -> 0 | J63: 3.8598555 | K63: 57.5 | L63: =J63*K63 -> 221.94169
D64: =SUM(D41:D63) -> 3314.4404 | F64: =SUM(F41:F63) -> 154419.78 | G64: =SUM(G41:G63) -> 9094.2121 | I64: =SUM(I41:I63) -> 454255.9 | J64: =SUM(J41:J63) -> 1861.2979 | L64: =SUM(L41:L63) -> 107024.63
A66: A partir de 16/05/2018
A67: Contracte | B67: Servei | C67: Aplicació | D67: h Manteniment correctiu | E67: h A partir 16/05/2018 | F67: Preu/hora | G67: € Manteniment correctiu | H67: h Manteniment recurrent | I67: h A partir 16/05/2018 | J67: Preu/hora | K67: € Manteniment recurrent | L67: h OT | M67: h A partir 16/05/2018 | N67: Preu/hora | O67: € OT | P67: DATA INICI NOUS SERVEIS
A68: G0389 | B68: SER0031 | C68: APP0176-COPERNICO | D68: 209.25492 | E68: =D68/365*197.5 -> 113.22698 | F68: 46.59 | G68: =E68*F68 -> 5275.2449 | H68: 982.79691 | I68: =H68/365*197.5 -> 531.78737 | J68: 49.95 | K68: =I68*J68 -> 26562.779 | L68: 178.80777 | M68: =L68/365*197.5 -> 96.752152 | N68: 57.5 | O68: =M68*N68 -> 5563.2487
A69: G0389 | B69: SER0031 | C69: APP0719-Digitalització actes del plenari | D69: 72.916667 | E69: =D69/365*197.5 -> 39.454909 | F69: 46.59 | G69: =E69*F69 -> 1838.2042 | H69: 853.57417 | I69: =H69/365*197.5 -> 461.86547 | J69: 49.95 | K69: =I69*J69 -> 23070.18 | L69: 138.97362 | M69: =L69/365*197.5 -> 75.198057 | N69: 57.5 | O69: =M69*N69 -> 4323.8883
A70: G0389 | B70: SER0031 | C70: APP0295-GASETA | D70: 161.31323 | E70: =D70/365*197.5 -> 87.285927 | F70: 46.59 | G70: =E70*F70 -> 4066.6513 | H70: 739.83205 | I70: =H70/365*197.5 -> 400.32008 | J70: 49.95 | K70: =I70*J70 -> 19995.988 | L70: 135.17179 | M70: =L70/365*197.5 -> 73.140901 | N70: 57.5 | O70: =M70*N70 -> 4205.6018
A71: G0389 | B71: SER0153 | C71: APP0668-Tauler d'Edictes | D71: 43.75 | E71: =D71/365*197.5 -> 23.672945 | F71: 46.59 | G71: =E71*F71 -> 1102.9225 | H71: 688.42667 | I71: =H71/365*197.5 -> 372.50484 | J71: 49.95 | K71: =I71*J71 -> 18606.617 | L71: 109.8265 | M71: =L71/365*197.5 -> 59.426668 | N71: 57.5 | O71: =M71*N71 -> 3417.0334
A72: G0080 | B72: SER0031 | C72: APP0233-eDecrets | D72: 63.135559 | E72: =D72/365*197.5 -> 34.162392 | F72: 46.59 | G72: =E72*F72 -> 1591.6258 | H72: 174.43309 | I72: =H72/365*197.5 -> 94.385029 | J72: 49.95 | K72: =I72*J72 -> 4714.5322 | L72: 35.635298 | M72: =L72/365*197.5 -> 19.282113 | N72: 57.5 | O72: =M72*N72 -> 1108.7215
A73: G0080 | B73: SER0031 | C73: APP0942-eDecretIns | D73: 63.135559 | E73: =D73/365*197.5 -> 34.162392 | F73: 46.59 | G73: =E73*F73 -> 1591.6258 | H73: 174.43309 | I73: =H73/365*197.5 -> 94.385029 | J73: 49.95 | K73: =I73*J73 -> 4714.5322 | L73: 35.635298 | M73: =L73/365*197.5 -> 19.282113 | N73: 57.5 | O73: =M73*N73 -> 1108.7215
A74: G0079 | B74: SER0031 | C74: APP0340-GPD | D74: 201.75654 | E74: =D74/365*197.5 -> 109.16964 | F74: 46.59 | G74: =E74*F74 -> 5086.2133 | H74: 498.38026 | I74: =H74/365*197.5 -> 269.67151 | J74: 49.95 | K74: =I74*J74 -> 13470.092 | L74: 105.02052 | M74: =L74/365*197.5 -> 56.826172 | N74: 57.5 | O74: =M74*N74 -> 3267.5049
A75: H0094 | B75: SER0031 | C75: Nou registre d'interessos | D75: 199.35211 | E75: =D75/365*197.5 -> 107.86861 | F75: 46.59 | G75: =E75*F75 -> 5025.5983 | H75: 375.47097 | I75: =H75/365*197.5 -> 203.1658 | J75: 49.95 | K75: =I75*J75 -> 10148.132 | L75: 86.223461 | M75: =L75/365*197.5 -> 46.655161 | N75: 57.5 | O75: =M75*N75 -> 2682.6717
A76: G0519 | B76: SER0414 | C76: Nou sistema d'alcaldia | D76: 996.76053 | E76: =D76/365*197.5 -> 539.34303 | F76: 46.59 | G76: =E76*F76 -> 25127.992 | H76: 1993.5211 | I76: =H76/365*197.5 -> 1078.6861 | J76: 49.95 | K76: =I76*J76 -> 53880.368 | L76: 448.54224 | M76: =L76/365*197.5 -> 242.70436 | N76: 57.5 | O76: =M76*N76 -> 13955.501 | P76: 43405
A77: Projecte nou | C77: Nou expedient de bustia etica | D77: 249.19013 | E77: =D77/365*197.5 -> 134.83576 | F77: 46.59 | G77: =E77*F77 -> 6281.9979 | H77: 747.5704 | I77: =H77/365*197.5 -> 404.50727 | J77: 49.95 | K77: =I77*J77 -> 20205.138 | L77: 149.51408 | M77: =L77/365*197.5 -> 80.901454 | N77: 57.5 | O77: =M77*N77 -> 4651.8336 | P77: 43252
A78: Projecte nou | C78: Nou organismes municipals | D78: 124.59507 | E78: =D78/365*197.5 -> 67.417878 | F78: 46.59 | G78: =E78*F78 -> 3140.9989 | H78: 498.38026 | I78: =H78/365*197.5 -> 269.67151 | J78: 49.95 | K78: =I78*J78 -> 13470.092 | L78: 93.4463 | M78: =L78/365*197.5 -> 50.563409 | N78: 57.5 | O78: =M78*N78 -> 2907.396 | P78: 43252
A79: Projecte nou | C79: Nou GRA | D79: 124.59507 | E79: =D79/365*197.5 -> 67.417878 | F79: 46.59 | G79: =E79*F79 -> 3140.9989 | H79: 498.38026 | I79: =H79/365*197.5 -> 269.67151 | J79: 49.95 | K79: =I79*J79 -> 13470.092 | L79: 93.4463 | M79: =L79/365*197.5 -> 50.563409 | N79: 57.5 | O79: =M79*N79 -> 2907.396 | P79: 43252
A81: G0080 | B81: SER0031 | C81: APP0591-RIS Unions civils | D81: 10.601545 | E81: =D81/365*197.5 -> 5.7364524 | F81: 46.59 | G81: =E81*F81 -> 267.26132 | H81: 0 | I81: =H81/365*197.5 -> 0 | J81: 49.95 | K81: =I81*J81 -> 0 | L81: 1.5902317 | M81: =L81/365*197.5 -> 0.86046786 | N81: 57.5 | O81: =M81*N81 -> 49.476902
A82: G0080 | B82: SER0027 | C82: APP0571-RecGUB | D82: 85.016197 | E82: =D82/365*197.5 -> 46.001915 | F82: 46.59 | G82: =E82*F82 -> 2143.2292 | H82: 0 | I82: =H82/365*197.5 -> 0 | J82: 49.95 | K82: =I82*J82 -> 0 | L82: 12.75243 | M82: =L82/365*197.5 -> 6.9002873 | N82: 57.5 | O82: =M82*N82 -> 396.76652
A83: G0074 | B83: SER0027 | C83: APP0579-RIS centralitzat | D83: 28.842263 | E83: =D83/365*197.5 -> 15.60643 | F83: 46.59 | G83: =E83*F83 -> 727.10356 | H83: 0 | I83: =H83/365*197.5 -> 0 | J83: 49.95 | K83: =I83*J83 -> 0 | L83: 4.3263394 | M83: =L83/365*197.5 -> 2.3409645 | N83: 57.5 | O83: =M83*N83 -> 134.60546
A84: G0080 | B84: SER0032 | C84: APP0341-GRA | D84: 0 | E84: =D84/365*197.5 -> 0 | F84: 46.59 | G84: =E84*F84 -> 0 | H84: 0 | I84: =H84/365*197.5 -> 0 | J84: 49.95 | K84: =I84*J84 -> 0 | L84: 0 | M84: =L84/365*197.5 -> 0 | N84: 57.5 | O84: =M84*N84 -> 0
A85: G0080 | B85: SER0413 | C85: APP0702-VIPS | D85: 0 | E85: =D85/365*197.5 -> 0 | F85: 46.59 | G85: =E85*F85 -> 0 | H85: 121.44256 | I85: =H85/365*197.5 -> 65.712071 | J85: 49.95 | K85: =I85*J85 -> 3282.3179 | L85: 18.216384 | M85: =L85/365*197.5 -> 9.8568107 | N85: 57.5 | O85: =M85*N85 -> 566.76661
A86: G0080 | B86: SER0413 | C86: APP0900 - ORGA | D86: 0 | E86: =D86/365*197.5 -> 0 | F86: 46.59 | G86: =E86*F86 -> 0 | H86: 0 | I86: =H86/365*197.5 -> 0 | J86: 49.95 | K86: =I86*J86 -> 0 | L86: 0 | M86: =L86/365*197.5 -> 0 | N86: 57.5 | O86: =M86*N86 -> 0
A87: G0080 | B87: SER0413 | C87: APP0899 SIAP | D87: 0 | E87: =D87/365*197.5 -> 0 | F87: 46.59 | G87: =E87*F87 -> 0 | H87: 0 | I87: =H87/365*197.5 -> 0 | J87: 49.95 | K87: =I87*J87 -> 0 | L87: 0 | M87: =L87/365*197.5 -> 0 | N87: 57.5 | O87: =M87*N87 -> 0
A88: G0080 | B88: SER0413 | C88: APP0896 VERDI | D88: 0 | E88: =D88/365*197.5 -> 0 | F88: 46.59 | G88: =E88*F88 -> 0 | H88: 0 | I88: =H88/365*197.5 -> 0 | J88: 49.95 | K88: =I88*J88 -> 0 | L88: 0 | M88: =L88/365*197.5 -> 0 | N88: 57.5 | O88: =M88*N88 -> 0
A89: G0080 | B89: SER0414 | C89: APP0592-RISPLUS | D89: 654.49265 | E89: =D89/365*197.5 -> 354.14328 | F89: 46.59 | G89: =E89*F89 -> 16499.536 | H89: 747.5704 | I89: =H89/365*197.5 -> 404.50727 | J89: 49.95 | K89: =I89*J89 -> 20205.138 | L89: 210.30946 | M89: =L89/365*197.5 -> 113.79758 | N89: 57.5 | O89: =M89*N89 -> 6543.361
A90: G0074 | B90: SER0414 | C90: APP0294-GALIOT consulta històric | D90: 25.73237 | E90: =D90/365*197.5 -> 13.92368 | F90: 46.59 | G90: =E90*F90 -> 648.70423 | H90: 0 | I90: =H90/365*197.5 -> 0 | J90: 49.95 | K90: =I90*J90 -> 0 | L90: 3.8598555 | M90: =L90/365*197.5 -> 2.0885519 | N90: 57.5 | O90: =M90*N90 -> 120.09174
E91: =SUM(E68:E90) -> 1793.4301 | G91: =SUM(G68:G90) -> 83555.907 | I91: =SUM(I68:I90) -> 4920.8408 | K91: =SUM(K68:K90) -> 245796 | M91: =SUM(M68:M90) -> 1007.1406 | O91: =SUM(O68:O90) -> 57910.587
A92: GERÈNCIA DE RECURSOS (GR) LOT1 J2EE | B92: Glòria Santamaria | C92: 582484.78 | D92: =+C92*3 -> 1747454.3 | G92: =+D92/36*M92*0.25 -> 24270.199 | H92: 0 | J92: =+D92+G92+H92 -> 1771724.5 | K92: S | M92: 2 | N92: 43101 | O92: 43236 | P92: 43236 | Q92: 43297
F94: CORR-RECU-OT | G94: TRANS
E95: 2018 | F95: =G91+K91+O91 -> 387262.49 | G95: =G92 -> 24270.199
E96: 2019 | F96: =F64+I64+L64 -> 715700.3
E97: 2020 | F97: =F64+I64+L64 -> 715700.3
E98: 2021 | F98: =F64+I64+L64 -> 715700.3
F99: =SUM(F95:F98) -> 2534363.4 | G99: =SUM(G95:G98) -> 24270.199 | H99: =F99+G99 -> 2558633.6
A104: Queden fora els següents manteniments:
A105: GR | B105: SER0028 | C105: APP0360-Inmagic | G105: 6000
A106: GR | B106: SER0028 | C106: APP0859-Unicorn-hyperion | G106: 11459.83
A107: GR | B107: SER0028 | C107: APP0868-Albala | G107: 21244.99
A108: GR | B108: SER0044 | C108: APP0262-eSubvencions | G108: 60000
A109: GR | B109: Governança de serveis i projectes | G109: 170000
A110: GR | B110: Governança de gestió d'actius | G110: 44000
A111: GR | B111: Bustia etica | G111: 6000
...
